 Dungeon Crawl Stone Soup version 0.29.1-2-gbd0b4ee654 (webtiles) character file.

Game seed: 15374565259902437712

138 NinjaNoafa the Cutter (level 5, -7/27 HPs)
             Began as a Spriggan Warper on Nov 16, 2022.
             Mangled by an ogre
             ... wielding a +0 giant spiked club
              (33 damage)
             ... on level 4 of the Dungeon.
             The game lasted 00:07:19 (7007 turns).

NinjaNoafa the Cutter (Spriggan Warper)             Turns: 7007, Time: 00:07:20

Health: -7/27      AC:  2    Str:  8 (11) XL:     5   Next: 1%
Magic:  10/10      EV: 17    Int: 16 (18) God:
Gold:   233        SH:  0    Dex: 13 (15) Spells: 7/9 levels left

rFire   . . .      SeeInvis +   a - +0 short sword
rCold   . . .      Faith    .   (no shield)
rNeg    . . .      Spirit   .   t - +0 robe of the Orb {Int+4}
rPois   .          Reflect  .   (helmet restricted)
rElec   .          Harm     .   (no cloak)
rCorr   .          Rampage  .   (gloves unavailable)
Will    .....                   (boots unavailable)
Stlth   ++........              (no amulet)
HPRegen 0.09/turn               (no ring)
MPRegen 0.12/turn               (no ring)

@: brilliant, hasted, very quick
A: very small, no large weapons, unfitting armour, see invisible, speed 3, horns
1, robust 1, strong 1
a: no special abilities


You were on level 4 of the Dungeon.
You visited 1 branch of the dungeon, and saw 4 of its levels.

You collected 233 gold pieces.

Inventory:

Hand Weapons
 a - a +0 short sword (weapon)
Missiles
 d - 9 boomerangs of dispersal
 e - 32 stones
 q - 2 silver boomerangs
Armour
 t - the +0 robe of the Orb (worn) {Int+4}
   (You found it on level 4 of the Dungeon)

   Int:       It affects your intelligence (+4).
Scrolls
 f - 2 scrolls of teleportation
 h - 2 scrolls of fear {unknown}
 j - a scroll of magic mapping {unknown}
 l - 5 scrolls of identify {unknown}
 m - a scroll of fog {unknown}
Potions
 k - 3 potions of curing
 p - a potion of heal wounds


   Skills:
 - Level 1.5 Fighting
 - Level 5.0 Short Blades
 - Level 1.0 Throwing
 + Level 3.7 Dodging
 - Level 2.0 Stealth
 - Level 2.6 Spellcasting
 - Level 5.0 Translocations


You had 7 spell levels left.
You knew the following spells:

 Your Spells              Type           Power      Damage    Failure   Level
a - Blink                 Tloc           54%        N/A       3%          2

Your spell library contained the following spells:

 Spells                   Type           Power      Damage    Failure   Level
 Gell's Gravitas          Tloc           27%        N/A       8%          3
 Lesser Beckoning         Tloc           27%        N/A       8%          3
 Teleport Other           Tloc           27%        N/A       8%          3
 Manifold Assault         Tloc           27%        N/A       56%         5
 Dispersal                Tloc           13%        N/A       98%         6


Dungeon Overview and Level Annotations

Branches:
Dungeon (4/15)
 Temple: D:4-7

Altars:
Gozag
Qazlal
Trog
Wu Jian
Yredelemnul
The Shining One

Shops:
D:2 (


Innate Abilities, Weirdness & Mutations

You are very small and have problems with some larger weapons.
You are too small for most types of armour.
You have supernaturally acute eyesight. (SInv)
You cover ground extremely quickly. (Speed+++)
You have a pair of small horns on your head.
You are robust. (+10% HP)
Your muscles are strong. (Str +4, Int/Dex -1)


Message History

You closely miss the scorpion.
The scorpion is moderately wounded.
The scorpion misses you.
Casting: Blink (safe; 3% risk of failure)
Confirm with . or Enter, or press ? or * to list all spells.
You blink.
Your surroundings suddenly seem different.
You feel stable enough to blink again.
Magic restored.
HP restored.
An ogre is nearby!
It was a potion of curing.
You feel better.
It was a potion of brilliance.
You feel clever all of a sudden.
It was a potion of degeneration.
There was something very wrong with that liquid.
You feel weakened.
You feel dopey.
You feel clumsy.
It was a potion of mutation.
You feel extremely strange.
You feel robust.
You feel stronger. A pair of horns grows on your head!
The ogre shouts!
Unknown command.
It was a potion of haste.
You feel yourself speed up.
You see here a +0 whip.
You barely miss the ogre. The ogre barely misses you.
You hit the ogre.
You headbutt the ogre, but do no damage.
The ogre is lightly wounded.
You barely miss the ogre.
You headbutt the ogre, but do no damage.
The ogre is lightly wounded.
You hit the ogre but do no damage.
The ogre is lightly wounded.
The ogre misses you.
You hit the ogre.
The ogre is lightly wounded.
You barely miss the ogre. You headbutt the ogre.
The ogre is moderately wounded.
The ogre hits you with a +0 giant spiked club!!
Ouch! That really hurt!
You die...

..........###....O#..#
#.###..###.#.##.#.#..###
+# #.# #..#
.............# .# #.#
#..# ######...#..#.# .#
#.###... .........#..#.#
##.# #.....###
###..#..#.####..#
#..#### #..#..........#
...# #.O#....####..#
#.## #@..###.## #..# #.#
######..## ##.###..# #.#
#.......# #......#
#.##### #.####..##
##.####.# #.....#####.#
##..###.## #.#
####.....##.# ##....##
#.# #.....##.# #.#.##
#.# #........# #.#.# #.#
#.....#### #.#.# #g#


You could see an ogre.

Vanquished Creatures
  A hound (D:3)
  A gnoll (D:4)
  3 adders
  A worm (D:2)
  A dart slug (D:1)
  4 orcs (D:4)
  8 ball pythons
  8 bats
  5 endoplasms
  2 giant cockroaches
  4 goblins
  4 hobgoblins
  7 kobolds
  4 quokkas
  7 frilled lizards
  2 rats
62 creatures vanquished.

Notes
Turn   | Place    | Note
-------+----------+-------------------------------------------
     0 | D:1      | NinjaNoafa the Spriggan Warper began the quest for the Orb.
     0 | D:1      | Reached XP level 1. HP: 10/10 MP: 5/5
   160 | D:1      | Reached XP level 2. HP: 14/14 MP: 6/6
   847 | D:1      | Found a faded altar of an unknown god.
  2346 | D:2      | Learned a level 2 spell: Blink
  2625 | D:2      | Reached XP level 3. HP: 9/18 MP: 8/8
  3438 | D:2      | Found Tasoeg's Weapon Shop.
  3936 | D:3      | Found an opulent altar of Gozag.
  4419 | D:3      | Reached XP level 4. HP: 15/22 MP: 9/9
  4577 | D:3      | Found a basalt altar of Yredelemnul.
  4649 | D:3      | Found an ornate altar of the Wu Jian Council.
  4806 | D:3      | Reached skill level 5 in Short Blades
  5001 | D:4      | Noticed a scorpion
  5372 | D:4      | Found a bloodstained altar of Trog.
  5380 | D:4      | Found a glowing golden altar of the Shining One.
  5691 | D:4      | Noticed an ogre
  5725 | D:4      | Identified the +0 robe of the Orb {Int+4}
  5767 | D:4      | Reached skill level 5 in Translocations
  6071 | D:3      | Reached skill level 1 in Stealth
  6310 | D:4      | Found a stormy altar of Qazlal.
  6733 | D:4      | Reached XP level 5. HP: 25/25 MP: 10/10
  6999 | D:4      | Gained mutation: You are robust. (+10% HP) [potion of
                  | mutation]
  6999 | D:4      | Gained mutation: Your muscles are strong. (Str +4, Int/Dex
                  | -1) [potion of mutation]
  6999 | D:4      | Gained mutation: You have a pair of small horns on your
                  | head. [potion of mutation]
  7007 | D:4      | Mangled by an ogre

Illustrated notes

Levels and vault maps discovered:
D:1:      enne_arrival_octagon_isle, layout_loops_corners,
          shapermc_ecumenical_altar_flowoftime
D:2:      layout_loops_ring, serial_shops, nicolae_shop_bloodbath_and_beyond,
          kennysheep_potato
D:3:      layout_rooms, mainiacjoe_overflow_cross_hatched,
          mainiacjoe_overflow_big_doors
D:4:      layout_loops_ring, mainiacjoe_overflow_brackets, minitemple,
          kennysheep_orc_chapel

Skill      XL: |  1  2  3  4  5 |
---------------+----------------+-----
Short Blades   | 3 4 5 |  5.0
Translocations | 5 |  5.0
Stealth        | 1 2 |  2.0
Fighting       | |  1.5
Throwing       | |  1.0
Dodging        | |  3.7
Spellcasting   | |  2.6

Action                   |  1- 3 |  4- 6 || total
-------------------------+-------+-------++-------
Melee: Short sword       |   206 |   132 ||   338
       Punch             |     1 |     2 ||     3
       Headbutt          |       |     3 ||     3
Throw: Boomerang         |       |     4 ||     4
 Cast: Blink             |     6 |     8 ||    14
  Use: Potion            |     1 |     6 ||     7
       Scroll            |       |     5 ||     5
 Stab: Sleeping          |     1 |       ||     1
Armor: Robe              |    28 |     6 ||    34
Dodge: Dodged            |   175 |   104 ||   279
